 Dungeon Crawl Stone Soup version bcrawl-1.21.2-28-g2cb1824106 (webtiles) character file.

Game seed: 14448288621882748321

4 MisterOstroum the Charmwright (level 1, -3/16 HPs)
             Began as a Demonspawn Skald on Mar 23, 2020.
             Slain by a kobold
             ... wielding a +0 short sword
              (4 damage)
             ... on level 1 of the Dungeon.
             The game lasted 00:00:15 (52 turns).

MisterOstroum the Charmwright (Demonspawn Skald)      Turns: 52, Time: 00:00:16

Health: -3/16      AC:  3    Str: 11    XL:     1   Next: 50%
Magic:  1/3        EV: 11    Int: 14    God:
Gold:   0          SH:  0    Dex: 12    Spells: 3/4 levels left

rFire    . . .     SeeInvis .   a - +0 spear
rCold    . . .     Gourm    .   (no shield)
rNeg     . . .     Faith    .   b - +0 leather armour
rPois    .         Spirit   .   (no helmet)
rElec    .         Reflect  .   (no cloak)
rCorr    .         Harm     .   (no gloves)
MR       .....                  (no boots)
Stlth    +.........             (no amulet)
HPRegen  0.05/turn              (no ring)
MPRegen  0.08/turn              (no ring)

@: no status effects
A: no striking features
a: no special abilities


You were on level 1 of the Dungeon.
You were not hungry.

You visited 1 branch of the dungeon, and saw 1 of its levels.

Inventory:

Hand Weapons
 a - a +0 spear (weapon)
Armour
 b - a +0 leather armour (worn)
Scrolls
 d - a scroll of fear {!r}
Comestibles
 e - a ration {!d}


   Skills:
 * Level 2.1 Fighting
 * Level 1.9 Polearms
 - Level 0.8 Armour
 - Level 1.7 Dodging
 - Level 2.0 Spellcasting
 + Level 2.7 Charms


You had 3 spell levels left.
You knew the following spells:

 Your Spells              Type           Power        Failure   Level  Hunger
a - Infusion              Chrm           #.......     10%         1    ##.....

Your spell library contained the following spells:

 Spells                   Type           Power        Failure   Level  Hunger
 Song of Slaying          Chrm           #.......     16%         2    ###....
 Ozocubu's Armour         Chrm/Ice       #.......     47%         3    ####...
 Regeneration             Chrm/Necr      #.........   47%         3    ####...
 Spectral Weapon          Hex/Chrm       #.......     47%         3    ####...


Dungeon Overview and Level Annotations

Branches:
Dungeon (1/12)

Altars:


Message History

There is an open door here.
There is a staircase leading out of the dungeon here.
You open the door.
There is an open door here.
You open the door.
There is an open door here.
You open the door.
There is an open door here.
A leopard gecko and a kobold come into view.
The kobold shouts!
The leopard gecko hisses angrily.
The kobold throws a stone.
The stone closely misses you.
The leopard gecko moves out of view.
A kobold is nearby!
A kobold is nearby!
Casting: Infusion (safe; 11% risk of failure)
Confirm with . or Enter, or press ? or * to list all spells.
You begin infusing your attacks with magical energy.
Unknown command.
A leopard gecko comes into view.
The leopard gecko hisses angrily.
Found three items.
You miss the leopard gecko. The leopard gecko barely misses you.
You miss the leopard gecko. The leopard gecko barely misses you.
You miss the leopard gecko.
Your magical infusion is running out.
The leopard gecko misses you.
You hit the leopard gecko.
The leopard gecko is almost dead.
A dart slug comes into view.
The leopard gecko bites you but does no damage.
You closely miss the leopard gecko.
The leopard gecko is almost dead.
The leopard gecko barely misses you.
The leopard gecko bites you but does no damage.
The leopard gecko bites you.
You hit the leopard gecko.
You kill the leopard gecko!
The leopard gecko bites you.
You hit the leopard gecko.
The leopard gecko is almost dead.
The leopard gecko bites you.
You are too injured to fight recklessly!
You are too injured to fight recklessly!
You are too injured to fight recklessly!
You are too injured to fight recklessly!
You are too injured to fight recklessly!
You are too injured to fight recklessly!
You are too injured to fight recklessly!
You are too injured to fight recklessly!
You are too injured to fight recklessly!
You are too injured to fight recklessly!
You are too injured to fight recklessly!
You are too injured to fight recklessly!
You are too injured to fight recklessly!
You are too injured to fight recklessly!
You are too injured to fight recklessly!
You are too injured to fight recklessly!
You are too injured to fight recklessly!
You are too injured to fight recklessly!
You are too injured to fight recklessly!
You are too injured to fight recklessly!
You are too injured to fight recklessly!
You are too injured to fight recklessly!
You are too injured to fight recklessly!
You are too injured to fight recklessly!
You are too injured to fight recklessly!
You are too injured to fight recklessly!
Attack whom?
Press: ? - help, Dir - move target cursor, f - leopard gecko
Aim: a leopard gecko (almost dead, clinging)
Okay, then.
You barely miss the leopard gecko.
The leopard gecko is almost dead.
The leopard gecko bites you.
You miss the leopard gecko.
The leopard gecko is almost dead.
You are no longer magically infusing your attacks.
The leopard gecko barely misses you.
You barely miss the leopard gecko.
The leopard gecko is almost dead.
The leopard gecko bites you.
* * * LOW HITPOINT WARNING * * *
The leopard gecko closely misses you.
You miss the leopard gecko.
The leopard gecko is almost dead.
The leopard gecko bites you but does no damage.
You hit the leopard gecko.
You kill the leopard gecko!
The kobold hits you but does no damage.
You hit the kobold.
The kobold is severely wounded.
The kobold hits you with a +0 short sword.
* * * LOW HITPOINT WARNING * * *
You hit the kobold but do no damage.
The kobold is severely wounded.
The kobold closely misses you.
You closely miss the kobold.
The kobold is severely wounded.
The kobold hits you with a +0 short sword.
You die...

####### ...^.. #.....###
..... #..##'##..## !.!.
# #...###.## ... .#
#...# ##.# ..#.. ##'##
#.# ... #...#
#.#####K###...
####...#####.#..@†.....?
≈≈.#...#.≈≈#.#.#########
≈≈.#...#.≈≈#.#.#
≈..#...#..≈#.#.#
≈..'.<.'..≈+...#
≈..#.).#..≈#.###
≈≈.#...#.≈≈#.#
≈≈.#...#.≈≈#.#
####...#####.#


You could see a kobold.

Vanquished Creatures
  2 leopard geckos (D:1)
2 creatures vanquished.

Notes
Turn   | Place    | Note
-------+----------+-------------------------------------------
     0 | D:1      | MisterOstroum the Demonspawn Skald began the quest for the
                  | Orb.
     0 | D:1      | Reached XP level 1. HP: 16/16 MP: 3/3
    52 | D:1      | Slain by a kobold

Action                   || total
-------------------------++-------
Melee: Spear             ||    15
 Cast: Infusion          ||     1
Armor: Leather armour    ||     3
Dodge: Dodged            ||     8
